 Dungeon Crawl Stone Soup version 0.29.0-7-g18a832c13a (webtiles) character file.

Game seed: 6408064690911815052

72 SnakkuSnakku7 the Cudgeller (level 4, 0/35 HPs)
             Began as a Djinni Chaos Knight on Aug 31, 2022.
             Was a Plaything of Xom.
             Killed from afar by an orc wizard (4 damage)
             ... with a magic dart
             ... on level 2 of the Dungeon.
             The game lasted 00:03:05 (2117 turns).

SnakkuSnakku7 the Cudgeller (Djinni Chaos Knight)   Turns: 2117, Time: 00:03:06

Health: 0/35       AC:  5    Str: 13    XL:     4   Next: 50%
Gold:   92         EV: 11    Int: 20    God:    Xom [....*.] SH:  0 Dex: 12

rFire   + + .      SeeInvis .   a - +0 mace (chaos)
rCold   x . .      Faith    .   (no shield)
rNeg    . . .      Spirit   .   b - +2 leather armour
rPois   ∞          Reflect  .   (no helmet)
rElec   .          Harm     .   (no cloak)
rCorr   .          Rampage  .   (no gloves)
Will    .....                   (boots unavailable)
Stlth   +.........              k - amulet of the acrobat
HPRegen 0.11/turn               m - +6 ring of intelligence
MPRegen 0.00/turn               (no ring)

@: confused, brilliant, flying
A: sickness immunity, fire resistance 2, cold vulnerability 1, float, innate
caster, HP casting, extra vitality 1
a: Renounce Religion


You were on level 2 of the Dungeon.
You worshipped Xom.
You were a beloved toy of Xom.
You visited 1 branch of the dungeon, and saw 3 of its levels.

You collected 92 gold pieces.

Inventory:

Hand Weapons
 a - a +0 mace of chaos (weapon)
Missiles
 i - 4 poisoned darts (quivered)
Armour
 b - a +2 leather armour (worn)
Jewellery
 k - an amulet of the acrobat (around neck)
 m - a +6 ring of intelligence (left hand)
Scrolls
 d - 5 scrolls of identify {unknown}
 g - 3 scrolls of teleportation {unknown}
 l - a scroll of butterflies {unknown}
Potions
 e - a potion of degeneration {unknown}
 f - a potion of invisibility {unknown}
 h - 2 potions of brilliance
 n - a potion of attraction {unknown}
Miscellaneous
 c - a piece from Xom's chessboard (15/15)


   Skills:
 - Level 3.0 Fighting
 + Level 3.8 Maces & Flails
 + Level 1.0 Throwing
 - Level 1.0 Armour
 - Level 2.1 Dodging


You had 2 spell levels left.
You knew the following spells:

 Your Spells              Type           Power      Damage    Failure   Level
a - Summon Small Mammal   Summ           0%         N/A       24%         1
Your spell library was empty.

Dungeon Overview and Level Annotations

Branches:
Dungeon (3/15)

Altars:

Annotations:
D:1 Dig


Innate Abilities, Weirdness & Mutations

You are immune to sickness and miasma.
You are immune to poison.
Your flesh is very heat resistant. (rF++)
You are vulnerable to cold. (rC-)
You float through the air rather than walking.
You learn spells naturally, not from books.
Your magical power is your life essence.
You have superior vitality. (+4 MHP)


Message History

You hear some strange, mumbled words.
You are confused.
Something completely misses you. Something hits you.
A magic dart appears from out of thin air!
The magic dart hits you.
You bump into the rock wall.
Something hits you but does no damage.
You hear some strange, mumbled words.
You are more confused.
You bump into the rock wall.
Something hits you but does no damage.
You completely miss something. Something hits you.
Something hits you but does no damage. Something hits you. Something hits you.
Something completely misses you. Something hits you.
You hear some strange, mumbled words.
You are more confused.
Something misses you. Something hits you.
You hear some strange, mumbled words.
A puff of flame appears from out of thin air!
The puff of flame misses you. Something hits you but does no damage.
There is a stone staircase leading down here.
You bump into the rock wall.
You hear some strange, mumbled words.
A magic dart appears from out of thin air!
The magic dart hits you.
Unknown command.
You completely miss something. Something hits you.
Something hits you but does no damage. Something hits you.
* * * LOW HITPOINT WARNING * * *
Something hits you but does no damage.
You hear some strange, mumbled words.
A magic dart appears from out of thin air!
The magic dart hits you.
* * * LOW HITPOINT WARNING * * *
Something barely misses you.
You closely miss something.
Something hits you but does no damage. x2
You hear some strange, mumbled words.
A magic dart appears from out of thin air!
The magic dart hits you.
You die... "It's all fun and games until someone loses an eye."

#########.................##.....
.....# #.....)......[....##.)...
####.# #.................##.....
# #.# #.................#......
####.###########..........#......
#.........# #..........#......
#.........# #..........#......
#.........######{##########......
#...............@................
#.........#...#############......
####.###.#...............{.......
####.# #.##...#############......
.....# #)##...##...........######
########.#.......#########.#
##............###...######.#
##.............#.........#.#
#.............#....####.#.######


There were no monsters in sight!

Vanquished Creatures
  2 adders (D:2)
  A worm (D:2)
  3 dart slugs
  3 orcs (D:3)
  2 endoplasms
  4 giant cockroaches
  5 goblins
  A hobgoblin (D:1)
  2 jackals (D:2)
  3 quokkas (D:1)
  A ball python (D:1)
  4 bats (D:1)
  3 frilled lizards
  5 kobolds
  4 rats
43 creatures vanquished.

Vanquished Creatures (others)
  A rat zombie (D:1)
1 creature vanquished.

Grand Total: 44 creatures vanquished

Notes
Turn   | Place    | Note
-------+----------+-------------------------------------------
     0 | D:1      | SnakkuSnakku7 the Djinni Chaos Knight began the quest for
                  | the Orb.
     0 | D:1      | Reached XP level 1. HP: 20/20 MP: 0/0
   369 | D:1      | Reached XP level 2. HP: 11/25 MP: 0/0
   373 | D:1      | Found a faded altar of an unknown god.
   640 | D:1      | You are sucked into a shaft and drop 1 floor!
   782 | D:2      | Reached XP level 3. HP: 28/30 MP: 0/0
   782 | D:2      | Learned a level 1 spell: Summon Small Mammal
  1234 | D:1      | XOM: silly message
  1547 | D:2      | Reached XP level 4. HP: 35/35 MP: 0/0
  1661 | D:2      | XOM: 2-stop teleportation journey
  2011 | D:3      | Reached skill level 1 in Throwing
  2117 | D:2      | Killed from afar by an orc wizard

Illustrated notes

Levels and vault maps discovered:
D:1:      mushboom_english_gardens, layout_basic, ebering_ecumenical_altar_webs,
          due_unseen_surprise
D:2:      layout_basic, minmay_misc_feat_tower
D:3:      layout_loops_cross, gammafunk_temple_overflow_pools, uniq_terence

Skill      XL: |  1  2  3  4 |
---------------+-------------+-----
Maces & Flails | 3 |  3.8
Throwing       | 1 |  1.0
Fighting       | |  3.0
Armour         | |  1.0
Dodging        | |  2.1

Action                   |  1- 3 |  4- 6 || total
-------------------------+-------+-------++-------
Melee: Mace              |    96 |    45 ||   141
       Punch             |       |     1 ||     1
  Use: Potion            |       |     3 ||     3
 Stab: Distracted        |     1 |       ||     1
Armor: Leather armour    |    44 |    35 ||    79
Dodge: Dodged            |    88 |    35 ||   123
